 Dungeon Crawl Stone Soup version 0.28.0 (webtiles) character file.

Game seed: 4416976922584878348

4 Hasart the Insei (level 1, 0/13 HPs)
             Began as an Octopode Transmuter on Feb 19, 2022.
             Slain by a kobold (2 damage)
             ... on level 1 of the Dungeon.
             The game lasted 00:00:19 (20 turns).

Hasart the Insei (Octopode Transmuter)                Turns: 20, Time: 00:00:19

Health: 0/13       AC:  1    Str:  9    XL:     1   Next: 60%
Magic:  3/3        EV: 13    Int: 15    God:
Gold:   0          SH:  0    Dex: 12    Spells: 3/4 levels left

rFire   . . .      SeeInvis .     - Unarmed
rCold   . . .      Faith    .   (no shield)
rNeg    . . .      Spirit   .   (helmet restricted)
rPois   .          Reflect  .   (no amulet)
rElec   .          Harm     .   (no ring)
rCorr   .          Rampage  .   (no ring)
Will    .....                   (no ring)
Stlth   ++........              (no ring)
HPRegen 0.04/turn               (no ring)
MPRegen 0.08/turn               (no ring)
                                (no ring)
                                (no ring)

@: no status effects
A: almost no armour, amphibious, 8 rings, camouflage 1, gelatinous body 1,
(nimble swimmer 1), tentacles
a: no special abilities


You were on level 1 of the Dungeon.
You visited 1 branch of the dungeon, and saw 1 of its levels.

Inventory:

Potions
 a - a potion of brilliance {unknown}


   Skills:
 + Level 1.1 Fighting
 + Level 2.0 Dodging
 + Level 3.0 Unarmed Combat
 + Level 2.0 Spellcasting
 + Level 2.0 Transmutations


You had 3 spell levels left.
You knew the following spells:

 Your Spells              Type           Power      Damage    Failure   Level
a - Beastly Appendage     Tmut           14%        N/A       10%         1

Your spell library contained the following spells:

 Spells                   Type           Power      Damage    Failure   Level
 Wereblood                Tmut           7%         N/A       14%         2
 Spider Form              Tmut/Pois      4%         N/A       41%         3
 Ice Form                 Ice/Tmut       4%         N/A       82%         4


Dungeon Overview and Level Annotations

Branches:
Dungeon (1/15)

Altars:


Innate Abilities, Weirdness & Mutations

You cannot wear most types of armour.
You are amphibious.
You can wear up to eight rings at the same time.
Your skin changes colour to match your surroundings (Stealth+).
Your rubbery body absorbs attacks. (AC +1, EV +1)
((You are camouflaged when in or above water. (Stealth+)))
You have tentacles for arms and can constrict up to eight enemies at once.


Message History

An endoplasm is nearby!
An endoplasm is nearby!
A goblin and an endoplasm come into view.
The goblin shouts!
You tentacle-slap the endoplasm.
The endoplasm is severely wounded.
The endoplasm hits you.
You tentacle-slap the endoplasm but do no damage.
You squeeze the endoplasm.
You kill the endoplasm!
You tentacle-slap the endoplasm.
The endoplasm is lightly wounded.
The endoplasm barely misses you.
You tentacle-slap the endoplasm but do no damage.
The endoplasm is lightly wounded.
The goblin closely misses you.
You tentacle-slap the endoplasm.
The endoplasm is heavily wounded.
A kobold comes into view. It is wielding a +0 whip.
The endoplasm completely misses you. The goblin hits you with a +0 dagger.
You tentacle-slap the endoplasm.
You kill the endoplasm!
The goblin hits you with a +0 dagger.
You are too injured to fight recklessly!
You tentacle-slap the goblin.
You kill the goblin!
You are too injured to fight recklessly!
You are too injured to fight recklessly!
You are too injured to fight recklessly!
You are too injured to fight recklessly!
You see here a +0 dagger.
The kobold throws a stone.
The stone misses you. The kobold hits you with a +0 whip.
* * * LOW HITPOINT WARNING * * *
You closely miss the kobold. You grab the kobold.
You constrict the kobold, but do no damage.
The kobold barely misses you.
You barely miss the kobold. You constrict the kobold.
The kobold hits you with a +0 whip.
You die...

#...#.#.#
#.....#...#..#.
#.....#...#...
###.....#....#..
#.......#....#.#####.
.
#.......#....#......#
...#.......#....#.<#
...........+.....#.#
##K@.).##......#
#..............#...#
...#########...#...#
# #...#..#..
#...#.#.....
#...#.#.#.##
#....#..#.# #......
.......


You could see a kobold.

Vanquished Creatures
  2 endoplasms (D:1)
  A goblin (D:1)
3 creatures vanquished.

Notes
Turn   | Place    | Note
-------+----------+-------------------------------------------
     0 | D:1      | Hasart the Octopode Transmuter began the quest for the Orb.
     0 | D:1      | Reached XP level 1. HP: 13/13 MP: 3/3
    20 | D:1      | Slain by a kobold

Illustrated notes

Levels and vault maps discovered:
D:1:      ebering_trefoil_3fold, layout_basic, nicolae_ecumenical_lake_church

Action                   || total
-------------------------++-------
Melee: Unarmed           ||     9
       Constrict         ||     1
       Tentacles         ||     1
Dodge: Dodged            ||     5
